 Dungeon Crawl Stone Soup version 0.30.0-10-gfe55d96785 (webtiles) character file.

Game seed: 9762575206210237560

142 qeuew the Covered (level 5, -1/33 HPs)
             Began as a Gargoyle Fighter on May 15, 2023.
             Slain by Grinder (3 damage)
             ... while paralysed by Grinder
             ... in a sewer.
             The game lasted 00:02:38 (1744 turns).

qeuew the Covered (Gargoyle Fighter)                Turns: 1744, Time: 00:02:39

Health: -1/33      AC: 11    Str: 20    XL:     5   Next: 25%
Magic:  5/5        EV:  2    Int:  8    God:
Gold:   85         SH:  0    Dex: 11    Spells: 4/4 levels left

rFire   . . .        a - +0 flail
rCold   . . .        c - +0 buckler
rNeg    + . .        b - +0 scale mail
rPois   ∞            (no helmet)
rElec   +            (no cloak)
rCorr   .            (no gloves)
SInv    .            (no boots)
Will    .....        (no amulet) Stlth
                     (no ring)
HPRegen 0.25/turn    (no ring)
MPRegen 0.09/turn

%: no passive effects
@: paralysed
A: sickness immunity, AC +4, negative energy resistance 1, electricity
resistance, torment resistance 1, petrification resistance
a: no special abilities


You were in a sewer.
You visited 1 branch of the dungeon, and saw 3 of its levels.
You also visited: Sewer.

You collected 85 gold pieces.

Inventory:

Hand Weapons
 a - a +0 flail (weapon)
Armour
 b - a +0 scale mail (worn)
 c - a +0 buckler (worn)
Scrolls
 e - a scroll of enchant armour {unknown}


   Skills:
 + Level 3.9 Fighting
 * Level 3.4 Maces & Flails
 * Level 4.4 Armour
 + Level 4.0 Shields


You had 4 spell levels left.
You didn't know any spells.
Your spell library was empty.

Dungeon Overview and Level Annotations

Branches:
Dungeon (3/15)              Sewer (1/1)

Altars:

Annotations:
Sewer Grinder


Innate Abilities, Weirdness & Mutations

You are immune to sickness and miasma.
Your stone body is resilient. (AC +4)
You are immune to poison.
You resist negative energy. (rN+)
You are resistant to electric shocks. (rElec)
You are resistant to unholy torment.
You are immune to petrification.


Message History

You barely miss the kobold.
The kobold is severely wounded.
The kobold hits you with a +0 short sword.
Grinder hits you.
You writhe in agony.
You block the kobold's attack. The kobold hits you but does no damage.
You are too injured to fight recklessly!
You are too injured to fight recklessly!
You are too injured to fight recklessly!
You are too injured to fight recklessly!
You are too injured to fight recklessly!
You are too injured to fight recklessly!
You are too injured to fight recklessly!
You are too injured to fight recklessly!
You are too injured to fight recklessly!
You are too injured to fight recklessly!
You are too injured to fight recklessly!
You are too injured to fight recklessly!
You are too injured to fight recklessly!
You are too injured to fight recklessly!
Unknown command.
You barely miss Grinder.
Grinder is heavily wounded.
Grinder gestures at you.
You suddenly lose the ability to move!
The kobold hits you with a +1 whip of freezing.
The kobold freezes you.
The kobold hits you with a +0 short sword.
* * * LOW HITPOINT WARNING * * *
Grinder hits you but does no damage.
The kobold hits you with a +1 whip of freezing.
* * * LOW HITPOINT WARNING * * *
The kobold freezes you.
* * * LOW HITPOINT WARNING * * *
The kobold hits you but does no damage. Grinder hits you.
* * * LOW HITPOINT WARNING * * *
You writhe in agony.
* * * LOW HITPOINT WARNING * * *
The kobold drinks a potion.
The kobold is healed!
The kobold hits you but does no damage. Grinder hits you.
You die...

###################
≈≈≈≈≈≈≈≈≈≈≈≈~.'..≈#
≈≈≈≈≈≈≈≈≈≈≈≈..#.~~#
≈≈≈≈≈≈≈≈≈≈≈≈~.#.~≈#
≈≈≈≈≈≈≈≈≈≈≈≈~.#.≈≈#
≈≈≈≈≈≈≈≈≈~≈~..#.~≈#
~≈≈≈≈≈≈≈≈≈~...#.~~#
#~##≈##≈###.####@##
.......)....≈≈#5KK#
.....))....≈≈≈≈...'.
............≈~#...#...
##≈#≈~###≈#.####.###..§.
≈~≈≈~≈≈≈~≈.)).#.≈~# ....
≈≈≈≈≈≈≈≈≈≈≈...#.~≈#


''' ≈≈≈≈≈≈≈≈≈≈≈≈))#.~≈ .. ≈≈≈≈≈≈≈≈≈≈≈≈~.# You could see Grinder and 2 kobolds.

Vanquished Creatures
  A quasit (Sewer)
  2 shadow imps (Sewer)
  3 ufetubi (Sewer)
  2 worms (D:2)
  A dart slug (D:1)
  4 bats
  A bat zombie (Sewer)
  6 endoplasms
  3 giant cockroaches
  5 hobgoblins
  5 jackals (D:2)
  16 kobolds
  A quokka (D:2)
  8 ball pythons
  4 frilled lizards
  4 goblins
  A kobold zombie (Sewer)
  5 rats
72 creatures vanquished.

Vanquished Creatures (others)
  2 kobold zombies (Sewer)
2 creatures vanquished.

Grand Total: 74 creatures vanquished

Notes
Turn   | Place    | Note
-------+----------+-------------------------------------------
     0 | D:1      | qeuew the Gargoyle Fighter began the quest for the Orb.
     0 | D:1      | Reached XP level 1. HP: 14/14 MP: 1/1
   111 | D:1      | Reached XP level 2. HP: 19/19 MP: 2/2
   566 | D:2      | Reached XP level 3. HP: 23/23 MP: 3/3
  1311 | D:2      | Reached XP level 4. HP: 29/29 MP: 4/4
  1412 | D:3      | Found a glowing drain.
  1431 | Sewer    | Entered a sewer
  1598 | Sewer    | Reached XP level 5. HP: 12/33 MP: 5/5
  1713 | Sewer    | Noticed Grinder
  1742 | Sewer    | Paralysed by Grinder for 3 turns
  1744 | Sewer    | Slain by Grinder

Illustrated notes

Levels and vault maps discovered:
D:1:      lightli_arrival_quake, layout_basic
D:2:      layout_basic
D:3:      layout_loops_ring, dancing_weapons_uskayaw,
          cheibrodos_sewer_entry_drain
Sewer:    kennysheep_sewer_church

Skill      XL: |  1  2  3  4 |
---------------+-------------+-----
Armour         | 4 |  4.4
Maces & Flails | 3 |  3.4
Shields        | 4 |  4.0
Fighting       | |  3.9

Action                     |  1- 3 |  4- 6 || total
---------------------------+-------+-------++-------
  Melee: Flail             |   144 |   104 ||   248
    Use: Scroll            |     2 |       ||     2
         Potion            |     1 |     2 ||     3
 Armour: Scale mail        |    85 |   102 ||   187
  Dodge: Dodged            |    67 |    77 ||   144
  Block: Buckler           |    35 |    39 ||    74
